 Dungeon Crawl Stone Soup version 0.31.0-32-g396128a36d (webtiles) character file.

Game seed: 13745687496236898781

73 monsoonserge the Ducker (level 4, -3/31 HPs)
             Began as an Octopode Fighter on Mar 12, 2024.
             Slain by a phantom (8 damage)
             ... on level 5 of the Dungeon.
             The game lasted 00:05:18 (2293 turns).

monsoonserge the Ducker (Octopode Fighter)          Turns: 2293, Time: 00:05:19

Health: -3/31      AC:  1    Str: 17    XL:     4   Next: 27%
Magic:  4/4        EV: 13    Int: 10    God:
Gold:   32         SH:  4    Dex: 11    Spells: 3/3 levels left

rFire   . .          .
                       - Unarmed
rCold   . . .        a - +0 buckler
rNeg    . . .        (helmet restricted)
rPois   .            n - amulet of regeneration
rElec   .            (no ring)
rCorr   .            (no ring)
SInv    .            (no ring)
Will    .....        (no ring)
Stlth   +++          (no ring)
HPRegen 1.05/turn    (no ring)
MPRegen 0.09/turn    (no ring)
                     (no ring)

%: no passive effects
@: no status effects
A: almost no armour, amphibious, 8 rings, camouflage 1, gelatinous body 1,
(nimble swimmer 1), tentacles
a: no special abilities


You were on level 5 of the Dungeon.
You visited 1 branch of the dungeon, and saw 5 of its levels.

You collected 121 gold pieces.
You spent 89 gold pieces at shops.

Inventory:

Missiles
 m - 8 poisoned darts (quivered)
Armour
 a - a +0 buckler (worn)
Jewellery
 n - an amulet of regeneration (around mantle)
Talismans
 r - a blade talisman
Wands
 o - a wand of paralysis (13)
Scrolls
 e - 5 scrolls of enchant armour {unknown}
 g - a scroll of noise {unknown}
 h - 2 scrolls of identify {unknown}
 j - a scroll of vulnerability {unknown}
 l - 3 scrolls of enchant weapon {unknown}
 q - 2 scrolls of revelation {unknown}
 s - a scroll of fear {unknown}
 t - a scroll of teleportation {unknown}
Potions
 b - a potion of might
 c - 2 potions of curing {unknown}
 d - 2 potions of attraction {unknown}
 f - a potion of heal wounds {unknown}
 i - a potion of haste {unknown}
 k - 3 potions of degeneration {unknown}
 p - 2 potions of cancellation {unknown}


   Skills:
 + Level 3.3 Fighting
 + Level 3.5 Dodging
 + Level 1.3 Stealth
 + Level 3.4 Shields
 * Level 3.0 Unarmed Combat


You had 3 spell levels left.
You didn't know any spells.
Your spell library was empty.

Dungeon Overview and Level Annotations

Branches:
Dungeon (5/15)
 Temple: D:4-7

Altars:
Ru
Xom

Shops:
D:3 *


Innate Abilities, Weirdness & Mutations

You cannot wear most types of armour.
You are amphibious.
You can wear up to eight rings at the same time.
Your skin changes colour to match your surroundings (Stealth+).
Your rubbery body absorbs attacks. (AC +1, EV +1)
((You are camouflaged when in or above water. (Stealth+)))
You have tentacles for arms and can constrict up to eight enemies at once.


Message History

Found 15 gold pieces.
Found a stone staircase leading down.
There is a stone staircase leading up here.
You barely miss the phantom.
The phantom is lightly damaged.
The phantom hits you.
You tentacle-slap the phantom but do no damage.
The phantom is lightly damaged.
The phantom barely misses you.
You tentacle-slap the phantom.
The phantom is heavily damaged.
The phantom hits you but does no damage.
You bludgeon the phantom!
The phantom is severely damaged.
The phantom hits you.
* * * LOW HITPOINT WARNING * * *
The phantom blinks!
You blink.
You tentacle-slap the phantom.
The phantom is severely damaged.
The phantom barely misses you.
You closely miss the phantom.
The phantom is severely damaged.
The phantom closely misses you.
You closely miss the phantom.
Your tentacle-slap misses the phantom.
The phantom is severely damaged.
The phantom hits you.
* * * LOW HITPOINT WARNING * * *
The phantom blinks!
You blink.
You barely miss the phantom.
The phantom is severely damaged.
The phantom hits you!
* * * LOW HITPOINT WARNING * * *
Okay, then.
You closely miss the phantom.
You squeeze the phantom, but do no damage.
The phantom is severely damaged.
The phantom misses you.
You barely miss the phantom.
The phantom is severely damaged.
The phantom hits you!
You die...

#.....#
#...<.#######
#..##........#
#.. #........#
# .........#
........$#
..#.......#
..#.......#
#..#@W.....#
#########


You could see a phantom.

Vanquished Creatures
  2 adders (D:2)
  A dart slug (D:3)
  3 orcs
  4 bats
  4 endoplasms
  2 giant cockroaches
  5 goblins
  4 hobgoblins
  5 quokkas
  2 ball pythons
  3 frilled lizards
  7 kobolds
  2 rats (D:2)
44 creatures vanquished.

Notes
Turn   | Place    | Note
-------+----------+-------------------------------------------
     0 | D:1      | monsoonserge the Octopode Fighter began the quest for the
                  | Orb.
     0 | D:1      | Reached XP level 1. HP: 16/16 MP: 1/1
   218 | D:1      | Reached XP level 2. HP: 20/21 MP: 2/2
  1024 | D:2      | Reached XP level 3. HP: 25/26 MP: 3/3
  1798 | D:3      | Found Dink's Assorted Antiques.
  1812 | D:3      | Bought a fuming puce potion for 27 gold pieces
  1812 | D:3      | Bought a scroll labelled AHALIN FOKLU for 31 gold pieces
  1854 | D:3      | Reached XP level 4. HP: 31/31 MP: 4/4
  1917 | D:3      | Bought a scroll labelled DAIDULA WINWYNG for 31 gold pieces
  1943 | D:3      | Reached skill level 1 in Stealth
  1948 | D:3      | Found a sacrificial altar of Ru.
  2009 | D:3      | Found a shimmering altar of Xom.
  2255 | D:4      | Noticed a phantom
  2283 | D:5      | Entered Level 5 of the Dungeon
  2293 | D:5      | Slain by a phantom

Illustrated notes

Levels and vault maps discovered:
D:1:      minmay_arrival_loop, layout_loops_corners, fountainhead
D:2:      layout_basic, corexii_leaking_fountain
D:3:      layout_rooms, xom_butterflies, mainiacjoe_overflow_alcove_2,
          serial_shops, shop_fountains
D:4:      layout_layer_cave, trog_antimagical,
          worldfamousw_hep_ancestral_shrine,
          mainiacjoe_overflow_six_doors_small,
          lightli_ossuary_entry_decrepit_ruins, grunt_ministairs_6,
          nicolae_elevator_lobby_plus
D:5:      layout_loops_cross, old_standard_altar

Skill      XL: |  1  2  3  4 |
---------------+-------------+-----
Stealth        | 1 |  1.3
Unarmed Combat | 3 |  3.0
Fighting       | |  3.3
Dodging        | |  3.5
Shields        | |  3.4

Action                     |  1- 3 |  4- 6 || total
---------------------------+-------+-------++-------
  Melee: Unarmed           |    81 |    38 ||   119
         Constrict         |    19 |     2 ||    21
         Tentacles         |    13 |     7 ||    20
         Punch             |     3 |     1 ||     4
   Stab: Sleeping          |     4 |     4 ||     8
 Armour: Skin              |    25 |    19 ||    44
  Dodge: Dodged            |    31 |    15 ||    46
  Block: Buckler           |    11 |     6 ||    17
